AoeStats
← Sugy

Black Forest

503790040Analyzed
4v4 RM · 1mo ago on Sep 2, 2026· 26m 38s· 8 players
Game mode
Random Map
Map size
Large (8 player)
Population
200
Speed
Normal
Resources
Standard
Victory
Conquest
Starting age
Dark Age
Ending age
Imperial Age
RankedLock teamsTeams togetherTeam positionsShared explorationLock speedFull tech treeHidden civsTurbo modeCheats
Victory
Defeat
🇨🇿 Vietnamese · Czechia
933
+10
🇨🇿 Hindustanis · Czechia
825
+15
🇳🇿 Turks · New Zealand
816
+15
🇬🇧 Wei · United Kingdom
816
+15
🇨🇳 Japanese · China
886
-18
🇹🇼 Goths · Taiwan
831
-15
🇨🇳 Byzantines · China
760
-12
🇦🇺 Chinese · Australia
715
-10
GEvans7
1:30 Loom
14:18 Feudal Age
15:21 Double-Bit Axe
15:20 Horse Collar
16:20 Wheelbarrow
16:21 Gold Mining
16:54 Stone Mining
21:36 Castle Age
20:15 Scale Barding Armor
20:21 Forging
22:58 Iron Casting
22:44 Chain Barding Armor
22:43 Bow Saw
22:43 Heavy Plow
25:22 Gold Shaft Mining
26:50 Bloodlines
26:40 Husbandry
Sugy
4:04 Loom
15:30 Feudal Age
17:17 Horse Collar
17:25 Double-Bit Axe
22:13 Castle Age
20:36 Fletching
20:44 Gold Mining
24:13 Stone Mining
25:05 Wheelbarrow
24:17 Town Watch
helllothere
0:28 Loom
17:53 Feudal Age
19:09 Man-at-Arms
19:48 Gold Mining
19:47 Double-Bit Axe
22:22 Castle Age
21:54 Arson
26:29 Murder Holes
27:15 Bow Saw
FrostyWeirdo
8:13 Loom
12:37 Feudal Age
13:31 Double-Bit Axe
15:04 Wheelbarrow
16:04 Horse Collar
21:50 Castle Age
20:41 Fletching
23:05 Bodkin Arrow
25:41 Ballistics
26:20 Bow Saw
26:49 Guard Tower
miss pang pang
不動游星
10:38 Feudal Age
17:45 Castle Age
16:39 Double-Bit Axe
Daddy Nerdlinger
0:40 Loom
TAGRNM
0:27 Loom
13:37 Feudal Age
15:42 Horse Collar
18:14 Castle Age
Connection lost

Rejoining the realm…

Still unreachable

The connection could not be restored.

Session expired

The server has moved on; the page needs a fresh start.